 Dungeon Crawl Stone Soup version 0.30-a0-652-gcc886f7154 (webtiles) character file.

Game seed: 8958229609068760136

137 Absynth the Ducker (level 5, 0/41 HPs)
             Began as a Merfolk Gladiator on Jan 17, 2023.
             Slain by a goblin
             ... wielding a +0 club
             ... led by Robin
              (1 damage)
             ... on level 3 of the Dungeon.
             The game lasted 00:06:15 (1482 turns).

Absynth the Ducker (Merfolk Gladiator)              Turns: 1482, Time: 00:06:16

Health: 0/41       AC:  5    Str: 15    XL:     5   Next: 20%
Magic:  5/5        EV: 11    Int:  9    God:
Gold:   62         SH:  4    Dex: 21    Spells: 4/4 levels left

rFire   . . .      SeeInvis .    a - +0 trident
rCold   . . .      Faith    .    o - +0 buckler
rNeg    . . .      Spirit   .    b - +0 leather armour
rPois   .          Reflect  .    c - +0 helmet
rElec   .          Harm     .    (no cloak)
rCorr   .          Rampage  .    (no gloves)
Will    +....                    n - +0 pair of boots
Stlth   ++                       (no amulet)
HPRegen 0.26/turn                t - ring of willpower
MPRegen 0.09/turn                r - +6 ring of dexterity

@: lethally poisoned (0 -> -8), grasped by roots, constricted
A: (nimble swimmer 2), mertail
a: no special abilities


You were on level 3 of the Dungeon.
You visited 1 branch of the dungeon, and saw 3 of its levels.

You collected 92 gold pieces.
You spent 30 gold pieces at shops.

Inventory:

Hand Weapons
 a - a +0 trident (weapon)
Missiles
 d - 3 throwing nets (quivered)
 e - a javelin
Armour
 b - a +0 leather armour (worn)
 c - a +0 helmet (worn)
 n - a +0 pair of boots (worn)
 o - a +0 buckler (worn)
Jewellery
 h - a ring of flight
 r - a +6 ring of dexterity (right hand)
 t - a ring of willpower (left hand)
Scrolls
 f - 2 scrolls of fog {unknown}
 g - 2 scrolls of fear {unknown}
 j - a scroll of torment {unknown}
 m - a scroll of vulnerability {unknown}
 u - a scroll of poison {unknown}
Potions
 i - a potion of brilliance {unknown}
 k - 2 potions of lignification {unknown}
 l - a potion of cancellation {unknown}
 p - a potion of haste {unknown}
 q - a potion of degeneration {unknown}
 s - a potion of curing


   Skills:
 - Level 3.1 Fighting
 + Level 5.4 Polearms
 - Level 2.0 Throwing
 + Level 5.4 Dodging
 * Level 1.9 Stealth


You had 4 spell levels left.
You didn't know any spells.
Your spell library contained the following spells:

 Spells                   Type           Power      Damage    Failure   Level
 Call Canine Familiar     Summ           0%         N/A       91%         3
 Portal Projectile        Hex/Tloc       0%         N/A       91%         3
 Leda's Liquefaction      Hex/Erth       0%         N/A       100%        4


Dungeon Overview and Level Annotations

Branches:
Dungeon (3/15)

Altars:

Shops:
D:2 ([!:

Annotations:
D:3 Robin


Innate Abilities, Weirdness & Mutations

((You are very nimble when in or above water. (Stealth+, EV+, Speed+++)))
Your lower body shifts to a powerful aquatic tail in water.


Message History

The goblin is severely wounded.
You feel sick.
Robin roars a battlecry!
The goblin barely misses you. The endoplasm misses you.
You block the goblin's attack. The goblin hits you but does no damage.
You block the goblin's attack.
You miss the goblin.
The goblin is severely wounded.
You feel sick.
The goblin no longer looks unusually strong.
Robin zaps a wand.
The roots erupt in riotous growth!
The endoplasm is unaffected.
The goblin is unaffected.
The grasping roots grab you!
The goblin is unaffected.
The grasping roots constrict you. The goblin hits you but does no damage.
The goblin closely misses you.
The goblin hits you with a +2 dagger of venom.
You are more poisoned.
The endoplasm barely misses you. The goblin closely misses you.
You hear a shout! x3
You miss the goblin.
The goblin is severely wounded.
You feel very sick.
The goblin no longer looks unusually strong. x2
The grasping roots constrict you. You block the goblin's attack.
The endoplasm freezes you.
You are frozen.
The goblin hits you but does no damage. The goblin barely misses you.
The goblin hits you with a +0 club.
* * * LOW HITPOINT WARNING * * *
You are too injured to fight recklessly!
You puncture the goblin!
You kill the goblin!
* * * LOW HITPOINT WARNING * * *
You feel very sick.
The goblin no longer looks unusually strong.
The grasping roots constrict you.
* * * LOW HITPOINT WARNING * * *
The goblin hits you but does no damage. The goblin barely misses you.
The endoplasm hits you but does no damage.
The goblin hits you with a +0 club.
You die... .....##...## ..... ....†#8...8# .... .....##...## #gg

.....##...# #.#
....>##...## ##g#
######8...8# ###g.#
##...#### ###
#...##
#...##8###8####g###
#........)@J..g.#
#8.......[ggg.####
##............#
##8###8###8### ###
### ###


You could see Robin, an endoplasm and 4 goblins.

Vanquished Creatures
  A hound (D:2)
  A scorpion zombie (D:2)
  An adder (D:2)
  An adder zombie (D:2)
  A worm (D:2)
  5 dart slugs
  6 endoplasms
  A giant cockroach (D:1)
  9 hobgoblins
  2 jackals (D:1)
  3 quokkas
  A ball python (D:1)
  7 bats
  2 frilled lizards
  A giant cockroach zombie (D:2)
  6 goblins
  5 kobolds
  A quokka zombie (D:2)
  2 rats
56 creatures vanquished.

Notes
Turn   | Place    | Note
-------+----------+-------------------------------------------
     0 | D:1      | Absynth the Merfolk Gladiator began the quest for the Orb.
     0 | D:1      | Reached XP level 1. HP: 16/16 MP: 1/1
    44 | D:1      | Reached XP level 2. HP: 20/23 MP: 2/2
   154 | D:1      | Reached XP level 3. HP: 28/28 MP: 3/3
   607 | D:2      | Reached skill level 5 in Polearms
   607 | D:2      | Reached skill level 5 in Dodging
   628 | D:2      | Reached XP level 4. HP: 33/34 MP: 4/4
   652 | D:2      | Found Zairuun's Weapon Shoppe.
   841 | D:2      | Reached skill level 1 in Stealth
   924 | D:2      | Found Ziax Ole's Armour Shoppe.
  1023 | D:2      | Reached XP level 5. HP: 39/41 MP: 5/5
  1028 | D:2      | Found Vaufil's Book Shop.
  1068 | D:2      | Found Tikaifif's Distillery.
  1077 | D:2      | Bought a potion of curing for 30 gold pieces
  1463 | D:3      | Noticed Robin
  1482 | D:3      | HP: 1/41 [constriction (5)]
  1482 | D:3      | Slain by a goblin

Illustrated notes

Levels and vault maps discovered:
D:1:      nicolae_arrival_washed_ashore, layout_rooms
D:2:      layout_basic, serial_shops, shop_statue, shop, shop,
          nicolae_shop_waterfront, serial_undead, serial_undead_f,
          serial_undead_b, serial_undead_d, serial_undead_b,
          minmay_tree_intersection, minmay_misc_feat_nine_boxes
D:3:      layout_rooms, nicolae_qazlal_scattered_showers,
          mainiacjoe_overflow_cross_hatched, serial_corexii_hall,
          corexii_hall_statues_deadend, corexii_hall_statues_l, uniq_robin,
          uniq_jessica

Skill      XL: |  1  2  3  4 |
---------------+-------------+-----
Polearms       | 5 |  5.4
Dodging        | 5 |  5.4
Fighting       | 3 |  3.1
Stealth        | 1 |  1.9
Throwing       | |  2.0

Action                   |  1- 3 |  4- 6 || total
-------------------------+-------+-------++-------
Melee: Trident           |   100 |    77 ||   177
Armor: Leather armour    |    27 |    30 ||    57
Dodge: Dodged            |    49 |    43 ||    92
Block: Buckler           |       |    13 ||    13

Table legend: (Time is in decaauts)
 A = Elapsed time spent in this place.
 B = Non-inter-level travel time spent in this place.
 C = Inter-level travel time spent in this place.
 D = Time resting spent in this place.
 E = Time spent auto-exploring this place.
 F = Levels seen in this place.
 G = Mean time per level.
                   A        B        C        D        E       F      G
               +--------+--------+--------+--------+--------+-----+--------+
         Total |   1488 |   1469 |     19 |      0 |   1078 |   3 |  496.0 |
       Dungeon |   1488 |   1469 |     19 |      0 |   1078 |   3 |  496.0 |
               +--------+--------+--------+--------+--------+-----+--------+

Top non-repeatable levels by time:
     D:2: 827 daAuts
     D:1: 580 daAuts
     D:3: 81 daAuts
